 Dungeon Crawl Stone Soup version 0.29.1-12-g30fa7ad0bf (webtiles) character file.

Game seed: 11020456600534323856

157 kingofthe the Magician (level 5, -1/28 HPs)
             Began as a Deep Elf Venom Mage on Jan 15, 2023.
             Slain by Pikel
             ... wielding a +2 whip of freezing
              (7 damage)
             ... on level 3 of the Dungeon.
             The game lasted 00:17:31 (4434 turns).

kingofthe the Magician (Deep Elf Venom Mage)        Turns: 4434, Time: 00:17:31

Health: -1/28      AC:  4    Str:  5    XL:     5   Next: 15%
Magic:  1/13       EV: 14    Int: 20    God:
Gold:   209        SH:  0    Dex: 17    Spells: 6/12 levels left

rFire   . . .      SeeInvis .   g - +0 short sword (freeze)
rCold   . . .      Faith    .   (no shield)
rNeg    . . .      Spirit   .   a - +0 robe
rPois   .          Reflect  .   m - +0 helmet
rElec   .          Harm     .   (no cloak)
rCorr   .          Rampage  .   d - +0 pair of gloves
Will    .....                   (no boots)
Stlth   +++.......              (no amulet)
HPRegen 0.09/turn               (no ring)
MPRegen 0.13/turn               (no ring)

@: brilliant
A: no striking features
a: no special abilities


You were on level 3 of the Dungeon.
You visited 1 branch of the dungeon, and saw 4 of its levels.

You collected 209 gold pieces.

Inventory:

Hand Weapons
 c - a +0 short sword
 g - a +0 short sword of freezing (weapon)
Armour
 a - a +0 robe (worn)
 d - a +0 pair of gloves (worn)
 m - a +0 helmet (worn)
Scrolls
 h - a scroll of noise {unknown}
 i - a scroll of brand weapon {unknown}
 j - 2 scrolls of teleportation {unknown}
 k - 3 scrolls of blinking {unknown}
 n - a scroll of immolation {unknown}
 o - 3 scrolls of identify {unknown}
 t - a scroll of magic mapping {unknown}
 u - a scroll of enchant weapon {unknown}
Potions
 b - a potion of magic
 e - a potion of heal wounds {unknown}
 f - 2 potions of curing {unknown}
 l - a potion of haste {unknown}
 p - a potion of flight {unknown}
 q - 2 potions of brilliance
 r - 4 potions of degeneration {unknown}
 s - a potion of cancellation {unknown}


   Skills:
 + Level 4.1 Dodging
 - Level 3.5 Stealth
 + Level 4.3 Spellcasting
 + Level 0.3 Conjurations
 - Level 1.1 Transmutations
 + Level 1.4 Air Magic
 - Level 4.0 Poison Magic


You had 6 spell levels left.
You knew the following spells:

 Your Spells              Type           Power      Damage    Failure   Level
a - Sting                 Tmut/Pois      84%        1d7       4%          1
b - Poisonous Vapours     Pois/Air       44%        N/A       6%          2
c - Mephitic Cloud        Conj/Pois/Air  18%        N/A       17%         3

Your spell library contained the following spells:

 Spells                   Type           Power      Damage    Failure   Level
 Olgreb's Toxic Radiance  Pois           30%        N/A       24%         4
 Gell's Gravitas          Tloc           6%         N/A       36%         3
 Inner Flame              Hex/Fire       6%         N/A       36%         3
 Lesser Beckoning         Tloc           6%         N/A       36%         3
 Teleport Other           Tloc           6%         N/A       36%         3
 Iskenderun's Mystic Bla  Conj/Tloc      7%         2d4       75%         4
 Cause Fear               Hex            3%         N/A       77%         4
 Leda's Liquefaction      Hex/Erth       3%         N/A       77%         4
 Borgnjor's Revivificati  Necr           3%         N/A       100%        8
 Discord                  Hex            3%         N/A       100%        8
 Necromutation            Tmut/Necr      4%         N/A       100%        8
 Death's Door             Necr           3%         N/A       100%        9


Dungeon Overview and Level Annotations

Branches:
Dungeon (4/15)
 Temple: D:4-7

Altars:
Wu Jian

Annotations:
D:3 Pikel


Message History

Pikel looks as sick as possible!
Pikel is moderately wounded.
Pikel hits you with a +2 whip of freezing.
Pikel freezes you.
Casting: Sting (safe; 4% risk of failure)
Confirm with . or Enter, or press ? or * to list all spells.
Aiming: Sting (safe; 4% risk of failure)
Press: ? - help, Shift-Dir - straight line, f/p - Pikel
Aim: Pikel, wielding a +2 whip of freezing and wearing a +0 robe (moderately wounded, extremely poisoned, 64% to hit)
The sting hits Pikel but does no damage.
Pikel looks as sick as possible!
Pikel is moderately wounded.
Pikel hits you with a +2 whip of freezing.
Pikel freezes you. Pikel attacks as you move away!
Pikel hits you with a +2 whip of freezing.
Pikel freezes you.
Casting: Sting (safe; 4% risk of failure)
Confirm with . or Enter, or press ? or * to list all spells.
Aiming: Sting (safe; 4% risk of failure)
Press: ? - help, Shift-Dir - straight line, f/p - Pikel
Aim: Pikel, wielding a +2 whip of freezing and wearing a +0 robe (heavily wounded, extremely poisoned, 64% to hit)
The sting misses Pikel.
Pikel closely misses you. Pikel attacks as you move away!
Pikel closely misses you.
Casting: Sting (safe; 4% risk of failure)
Confirm with . or Enter, or press ? or * to list all spells.
You don't have enough magic to cast this spell.
It was a potion of brilliance.
You feel clever all of a sudden.
Pikel says, "Hell isn't that bad."
Pikel hits you with a +2 whip of freezing.
* * * LOW HITPOINT WARNING * * *
Pikel freezes you.
* * * LOW HITPOINT WARNING * * *
Casting: Sting (safe; 4% risk of failure)
Confirm with . or Enter, or press ? or * to list all spells.
You don't have enough magic to cast this spell.
Pikel attacks as you move away!
Pikel hits you with a +2 whip of freezing!
You die...

...#####.###### ####
#.##...# ########## ####
#..'...# #........# ...###
####...###........# ##...#
#..............# ##...#
#...)......(...#
.+...######.##..#........#
##..............#.#..)####
................@K.>..#
####.......##.....#...#
...#.......##...#.#...#
...#.......#......'...#
...#########'######...#
.....# #....# #...# ..#.##
###....# #...#
..#.####......# #####
..............####


You could see Pikel (very poisoned).

Vanquished Creatures
  A hound (D:3)
  2 adders
  4 worms
  7 dart slugs
  6 endoplasms
  3 giant cockroaches
  7 goblins
  11 hobgoblins
  3 jackals (D:1)
  5 kobolds
  2 quokkas
  7 ball pythons
  7 bats
  8 frilled lizards
  5 rats (D:1)
78 creatures vanquished.

Notes
Turn   | Place    | Note
-------+----------+-------------------------------------------
     0 | D:1      | kingofthe the Deep Elf Venom Mage began the quest for the
                  | Orb.
     0 | D:1      | Reached XP level 1. HP: 10/10 MP: 6/6
   248 | D:1      | Reached XP level 2. HP: 15/15 MP: 5/8
   276 | D:1      | Learned a level 2 spell: Poisonous Vapours
   580 | D:1      | Found a faded altar of an unknown god.
  1193 | D:1      | Reached XP level 3. HP: 19/19 MP: 2/9
  1753 | D:2      | Learned a level 3 spell: Mephitic Cloud
  2279 | D:2      | Got the Book of Coarse Superposition
  2808 | D:3      | Reached XP level 4. HP: 24/24 MP: 5/11
  3198 | D:3      | Reached skill level 1 in Air Magic
  3426 | D:3      | Found an ornate altar of the Wu Jian Council.
  4070 | D:4      | Reached XP level 5. HP: 28/28 MP: 8/13
  4353 | D:4      | Noticed Pikel
  4358 | D:4      | Noticed a lemure
  4417 | D:4      | Noticed a lemure
  4434 | D:3      | Slain by Pikel

Illustrated notes

Levels and vault maps discovered:
D:1:      elethiomel_arrival_infinity_welcomes_careful_drivers, layout_basic,
          hellmonk_ecumenical_altar_lost_god
D:2:      layout_rooms, nicolae_underground_beach
D:3:      layout_basic, mainiacjoe_overflow_surrounded_room
D:4:      kennysheep_slugbush, layout_rooms, minmay_manual_maat, uniq_eustachio,
          uniq_pikel, uniq_edmund

Skill      XL: |  1  2  3  4 |
---------------+-------------+-----
Stealth        | 3 |  3.5
Dodging        | 3 4 |  4.1
Spellcasting   | 4 |  4.3
Air Magic      | 1 |  1.4
Poison Magic   | 4 |  4.0
Conjurations   | |  0.3
Transmutations | |  1.1

Action                   |  1- 3 |  4- 6 || total
-------------------------+-------+-------++-------
Melee: Short sword       |     3 |     2 ||     5
 Cast: Sting             |    68 |    44 ||   112
       Poisonous Vapours |    31 |    43 ||    74
  Use: Potion            |       |     1 ||     1
 Stab: Sleeping          |     1 |       ||     1
Armor: Robe              |     4 |     4 ||     8
Dodge: Dodged            |    26 |    15 ||    41
